 Dungeon Crawl Stone Soup version 0.24-a0-581-gc0fa6600bf (webtiles) character file.

Game seed: 10008820235155021232

15 Enish the Chopper (level 2, -1/24 HPs)
             Began as a Formicid Chaos Knight on Aug 23, 2019.
             Was a Plaything of Xom.
             Slain by a phantom (7 damage)
             ... on level 3 of the Dungeon.
             The game lasted 00:02:46 (216 turns).

Enish the Chopper (Formicid Chaos Knight)            Turns: 216, Time: 00:02:47

Health: -1/24      AC:  5    Str: 16    XL:     2   Next: 65%
Magic:  2/2        EV: 11    Int: 11    God:    Xom [..*...]
Gold:   11         SH:  0    Dex: 10    Spells: 1/1 levels left

rFire    . . .     SeeInvis +   a - +0 hand axe (chaos)
rCold    . . .     Gourm    .   (no shield)
rNeg     . . .     Faith    .   b - +2 leather armour
rPois    .         Spirit   .   (helmet unavailable)
rElec    .         Reflect  .   (no cloak)
rCorr    .         Harm     .   (no gloves)
MR       .....                  (no boots)
Stlth    +.........             (no amulet)
HPRegen  0.08/turn              (no ring)
MPRegen  0.08/turn              (no ring)

@: no status effects
A: permanent stasis, dig shafts and tunnels, four strong arms, antennae 3
a: Dig, Shaft Self, Renounce Religion


You were on level 3 of the Dungeon.
You worshipped Xom.
You were a toy of Xom.
You were not hungry.

You visited 1 branch of the dungeon, and saw 3 of its levels.

You collected 11 gold pieces.

Inventory:

Hand Weapons
 a - a +0 hand axe of chaos (weapon)
Missiles
 f - 5 boomerangs (quivered)
Armour
 b - a +2 leather armour (worn)
Scrolls
 d - a scroll of blinking
 e - a scroll of identify
 h - a scroll of amnesia
Potions
 g - 2 potions of mutation {unknown}
 i - a potion of curing
Comestibles
 c - 2 rations


   Skills:
 - Level 3.2 Fighting
 * Level 3.8 Axes
 - Level 2.1 Armour
 - Level 0.8 Dodging


You had one spell level left.
You didn't know any spells.
Your spell library was empty.

Dungeon Overview and Level Annotations

Branches:
Dungeon (3/15)

Altars:


Innate Abilities, Weirdness & Mutations

You cannot be hasted, slowed, berserked, paralysed or teleported.
You can dig through walls and to a lower floor.
Your four strong arms can wield two-handed weapons with a shield.
You have a pair of large antennae on your head. (SInv)


Message History

Throwing (i - inventory)
f - 5 boomerangs (quivered)
Press: ? - help, Shift-Dir - straight line, f/p - phantom
Aim: a phantom (almost destroyed)
You throw a boomerang. The boomerang hits the phantom.
The phantom is almost destroyed.
The phantom hits you.
You miss the phantom.
The phantom is almost destroyed.
The phantom hits you.
* * * LOW HITPOINT WARNING * * *
You closely miss the phantom.
The phantom is almost destroyed.
The jackal bites you but does no damage.
The phantom closely misses you.
You miss the phantom.
The phantom is almost destroyed.
You hit the jackal. You burn the jackal.
You kill the jackal!
The phantom hits you!
You die...

.[ ..# ### .######
#.#... ....... #.#.#
....... .... .# .......
##.# .
.......###..####.###
........W@..........
.......#†.#.###.....
.........##......#
..)....#####..##.#
....... ##..## .##
..<...####...###..#####
.......................
......#..###.#......##.
......####.#.........


You could see a phantom.

Vanquished Creatures
  A dart slug (D:1)
  A leopard gecko (D:3)
  A bat (D:1)
  2 giant cockroaches (D:1)
  2 hobgoblins
  A jackal (D:3)
  A kobold (D:1)
  A goblin (D:2)
10 creatures vanquished.

Notes
Turn   | Place    | Note
-------+----------+-------------------------------------------
     0 | D:1      | Enish the Formicid Chaos Knight began the quest for the
                  | Orb.
     0 | D:1      | Reached XP level 1. HP: 18/18 MP: 1/1
    51 | D:1      | XOM: divination: detect creatures
    56 | D:1      | Reached XP level 2. HP: 20/24 MP: 2/2
   145 | D:1      | You fall into a shaft and drop 1 floor!
   189 | D:3      | XOM: silly message
   199 | D:3      | Noticed a phantom
   216 | D:3      | Slain by a phantom

Levels and vault maps discovered:
D:1:      wheals_arrival_linesprint, layout_rooms, serial_forest,
          infiniplex_forest_straight_4, infiniplex_forest_clump_medium,
          infiniplex_forest_join, infiniplex_forest_clump_long,
          infiniplex_forest_lined_corner, infiniplex_forest_end_2
D:2:      layout_basic, serial_forest, infiniplex_forest_zigzag_1,
          infiniplex_forest_lined_1, infiniplex_forest_clump_tiny,
          infiniplex_forest_straight_3, infiniplex_forest_lined_ring,
          infiniplex_forest_zigzag_2, infiniplex_forest_lined_2,
          infiniplex_forest_clump_double, infiniplex_forest_corner_1,
          infiniplex_forest_straight_3
D:3:      layout_rooms, lemuel_round_altar

Action                   || total
-------------------------++-------
Melee: Hand axe          ||    37
Throw: Boomerang         ||     8
 Abil: Dig               ||     4
       Shaft Self        ||     1
  Use: Scroll            ||     4
 Stab: Petrified         ||     3
Armor: Leather armour    ||    10
Dodge: Dodged            ||    25

Table legend:
 A = Non-vault XP
 B = Vault XP
 C = Vault XP percentage of total XP
 D = Non-vault monster count
 E = Vault monster count
 F = Vault count percentage of total count
                 A         B        C        D         E       F
            +---------+---------+-------+---------+---------+-------
      Total |      22 |       0 |   0.0 |      10 |       0 |   0.0
            +---------+---------+-------+---------+---------+-------
        D:1 |      14 |       0 |   0.0 |       6 |       0 |   0.0
        D:2 |       1 |       0 |   0.0 |       1 |       0 |   0.0
        D:3 |       7 |       0 |   0.0 |       3 |       0 |   0.0
            +---------+---------+-------+---------+---------+-------
